 Dungeon Crawl Stone Soup version 0.28-a0-199-g298df9dbad (webtiles) character file.

Game seed: 17342988448662607793

906 robertstho the Skirmisher (level 7, -1/62 HPs)
             Began as a Pale Draconian Berserker on Aug 19, 2021.
             Was a Believer of Trog.
             Succumbed to a scorpion's poison
             ... on level 5 of the Dungeon.
             The game lasted 00:04:57 (5207 turns).

robertstho the Skirmisher (DrBe)                    Turns: 5207, Time: 00:04:57

Health: -1/62      AC:  8    Str: 24    XL:     7   Next: 81%
Magic:  7/7        EV: 10    Int:  8    God:    Trog [**....]
Gold:   53         SH:  7    Dex: 10    Spells: 6/6 levels left

rFire   . . .      SeeInvis .   a - +0 falchion
rCold   . . .      Faith    .   q - +0 kite shield
rNeg    + . .      Spirit   .   (armour unavailable)
rPois   .          Reflect  .   (helmet restricted)
rElec   .          Harm     .   (no cloak)
rCorr   +          Rampage  .   g - +0 pair of gloves {Str+3}
Will    ++...                   j - +0 pair of boots
Stlth   ++........              (no amulet)
HPRegen 1.20/turn               d - ring of positive energy
MPRegen 0.10/turn               s - ring of resist corrosion

@: lethally poisoned (-1 -> -6), strong-willed, on berserk cooldown,
regenerating, slowed, very slow
A: breathe steam, AC +6, unfitting armour, cold-blooded, steam resistance
a: Breathe Steam, Renounce Religion, Berserk, Trog's Hand


You were on level 5 of the Dungeon.
You worshipped Trog.
Trog was pleased with you.
You visited 1 branch of the dungeon, and saw 5 of its levels.

You collected 180 gold pieces.
You spent 127 gold pieces at shops.

Inventory:

Hand Weapons
 a - a +0 falchion (weapon)
Armour
 g - a +0 pair of gloves of strength (worn)
 j - a +0 pair of boots (worn)
 q - a +0 kite shield (worn)
Jewellery
 d - a ring of positive energy (left hand)
 s - a ring of resist corrosion (right hand)
Scrolls
 c - a scroll of fear {unknown}
 e - a scroll of noise {unknown}
 m - a scroll of silence
 n - a scroll of immolation
 o - a scroll of enchant armour {unknown}
 r - a scroll of teleportation
Potions
 b - a potion of cancellation
 f - 2 potions of curing
 h - a potion of brilliance {unknown}
 i - a potion of flight {unknown}
 k - a potion of lignification {unknown}
 l - a potion of ambrosia {unknown}


   Skills:
 * Level 5.8 Fighting
 + Level 5.8 Long Blades
 * Level 5.5 Dodging
 + Level 1.7 Stealth
 + Level 1.2 Shields


You had 6 spell levels left.
You didn't know any spells.
Your spell library was empty.

Dungeon Overview and Level Annotations

Branches:
Dungeon (5/15)             Temple (0/1) D:5

Altars:
Gozag

Shops:
D:5 [

Annotations:
D:5 gregwegmann's ghost, novice HOMo


Innate Abilities, Weirdness & Mutations

You can breathe blasts of scalding, opaque steam.
Your pale cyan-grey scales are hard. (AC +6)
You cannot fit into any form of body armour.
You are cold-blooded and may be slowed by cold attacks.
You are immune to the effects of steam.


Message History

You feel sick. The hound zombie completely misses you.
Gregwegmann's ghost hits you. The scorpion barely misses you.
The hound zombie barely misses you.
You riposte.
You slash the hound zombie!
You feel the power of Trog in you as your rage grows.
You destroy the hound zombie!
Trog accepts your kill.
You hit the scorpion.
The scorpion is lightly wounded.
You feel sick. The scorpion stings you. Gregwegmann's ghost hits you.
You are electrocuted!
You hit the scorpion but do no damage.
The scorpion is lightly wounded.
You feel sick. The scorpion stings you.
* * * LOW HITPOINT WARNING * * *
You block gregwegmann's ghost's attack.
Unknown command.
You barely miss the scorpion.
The scorpion is lightly wounded.
You feel sick. The scorpion closely misses you. Gregwegmann's ghost hits you!
* * * LOW HITPOINT WARNING * * *
Unknown command.
You feel sick.
You feel a strong urge to attack something.
You are no longer berserk.
You are exhausted.
You feel yourself slow down.
You feel sick.
As you read the scroll of teleportation, it crumbles to dust.
You feel strangely unstable.
You feel sick.
You are no longer poisoned.
You block the scorpion's attack.
Gregwegmann's ghost whispers, "There is no future for you."
The scorpion stings you but does no damage.
The scorpion stings you!
* * * LOW HITPOINT WARNING * * *
You are lethally poisoned!
The scorpion poisons you!
Your skin crawls.
You feel strong-willed.
Your surroundings suddenly seem different.
You die...

#####.########
#.###########.. #...# #.#
#...... ######.# ##+##
#.###.. #......# ##...##
#.# ### #.####.## ##.....##
#.### #.# #..## ##.......##
#.#.## #.#
##...####.........###....##
#.#
#.......+.........'........
#.#
#....####.@.......###....##
#.# #[..## ##.......##
#.#.... #.###..## ##.....##
#.#.... #......# ##<..##
#...... #####.## ##'##
#######.. #.# #.# #...≈P###
#.# #.#


#..PPPPP# #####.##### ##>## #..≈P.≈P^ #.........# ##...####........ There were
no monsters in sight!

Vanquished Creatures
  A steam dragon (D:5)
  3 ogres
  A scorpion (D:5)
  A howler monkey (D:2)
  2 hounds (D:5)
  A centaur zombie (D:5)
  A jelly (D:5)
  A bullfrog skeleton (D:5)
  A centaur skeleton (D:3)
  3 iguanas
  2 scorpion zombies (D:5)
  A hound zombie (D:5)
  A howler monkey skeleton (D:5)
  3 adders
  A worm (D:2)
  3 dart slugs
  2 orcs (D:4)
  11 ball pythons
  6 endoplasms
  3 giant cockroaches
  12 goblins
  4 hobgoblins
  5 jackals (D:1)
  2 quokkas
  7 bats
  4 frilled lizards
  A kobold (D:3)
  6 rats
89 creatures vanquished.

Vanquished Creatures (others)
  5 fungi (D:5)
  3 toadstools (D:4)
8 creatures vanquished.

Grand Total: 97 creatures vanquished

Notes
Turn   | Place    | Note
-------+----------+-------------------------------------------
     0 | D:1      | robertstho the Draconian Berserker began the quest for the
                  | Orb.
     0 | D:1      | Reached XP level 1. HP: 19/19 MP: 1/1
    84 | D:1      | Reached XP level 2. HP: 18/26 MP: 2/2
   544 | D:1      | Reached XP level 3. HP: 33/33 MP: 3/3
   707 | D:1      | Found a faded altar of an unknown god.
   778 | D:1      | Reached ** piety under Trog
   926 | D:2      | Reached XP level 4. HP: 25/40 MP: 4/4
  1214 | D:2      | Noticed an ogre
  1220 | D:2      | Killed an ogre
  1221 | D:2      | Reached XP level 5. HP: 40/46 MP: 5/5
  2117 | D:3      | Found an opulent altar of Gozag.
  3161 | D:4      | Reached XP level 6. HP: 53/53 MP: 6/6
  3348 | D:5      | Entered Level 5 of the Dungeon
  3493 | D:5      | Found Oleughut's Antique Armour Shop.
  3500 | D:5      | Bought a pair of glowing gloves for 127 gold pieces
  3633 | D:5      | Reached skill level 5 in Fighting
  3747 | D:5      | Found a staircase to the Ecumenical Temple.
  3757 | D:5      | Reached skill level 1 in Stealth
  3926 | D:5      | Found a runed translucent gate.
  3926 | D:5      | Found a runed translucent gate.
  3926 | D:5      | Found a runed translucent gate.
  3929 | D:5      | Noticed gregwegmann's ghost (novice HOMo)
  3983 | D:5      | Reached skill level 5 in Long Blades
  3983 | D:5      | Your scales start taking on a pale cyan-grey colour.
  3983 | D:5      | Reached XP level 7. HP: 33/61 MP: 7/7
  3983 | D:5      | Gained mutation: You are immune to the effects of steam.
                  | [Pale Draconian growth]
  4242 | D:5      | Reached skill level 5 in Dodging
  4460 | D:5      | Noticed a steam dragon
  4462 | D:5      | Noticed a steam dragon
  4475 | D:5      | Killed a steam dragon
  4476 | D:5      | Reached skill level 1 in Shields
  5206 | D:5      | HP: 2/62 [scorpion (7)]
  5207 | D:5      | Succumbed to a scorpion's poison

Illustrated notes

Levels and vault maps discovered:
D:1:      wheals_arrival_shading, layout_rooms, shapermc_ecumenical_altar_gd,
          interstate_on_off, st_stairs_1, minmay_pentomino_z4
D:2:      layout_loops_ring
D:3:      layout_loops_ring, grunt_gozag_statues
D:4:      cheibrodos_fertilizer, layout_loops_cross
D:5:      kennysheep_steamy, layout_loops_corners,
          minmay_temple_entry_antechambers, serial_shops, shop,
          gammafunk_ghost_split

Skill      XL: |  1  2  3  4  5  6  7 |
---------------+----------------------+-----
Dodging        | 3 4 5 |  5.5
Fighting       | 4 5 |  5.8
Long Blades    | 4 5 |  5.8
Stealth        | 1 |  1.7
Shields        | 1 |  1.2

Action                   |  1- 3 |  4- 6 |  7- 9 || total
-------------------------+-------+-------+-------++-------
Melee: Falchion          |   100 |   175 |    48 ||   323
       Tailslap          |    14 |    39 |    15 ||    68
Invok: Berserk           |     1 |     2 |     1 ||     4
       Trog's Hand       |       |     1 |     1 ||     2
 Abil: Breathe Steam     |       |       |     1 ||     1
  Use: Scroll            |       |     5 |     2 ||     7
 Stab: Sleeping          |     1 |     2 |       ||     3
Armor: Skin              |    39 |    56 |    18 ||   113
Dodge: Dodged            |    85 |    97 |    30 ||   212
Block: Kite shield       |       |    17 |    22 ||    39
       Rpst.: Falchion   |    30 |    28 |    10 ||    68

Table legend: (Time is in decaauts)
 A = Elapsed time spent in this place.
 B = Non-inter-level travel time spent in this place.
 C = Inter-level travel time spent in this place.
 D = Time resting spent in this place.
 E = Time spent auto-exploring this place.
 F = Levels seen in this place.
 G = Mean time per level.
                   A        B        C        D        E       F      G
               +--------+--------+--------+--------+--------+-----+--------+
         Total |   5295 |   5234 |     61 |    519 |   3913 |   5 | 1059.0 |
       Dungeon |   5295 |   5234 |     61 |    519 |   3913 |   5 | 1059.0 |
               +--------+--------+--------+--------+--------+-----+--------+

Top non-repeatable levels by time:
     D:5: 1885 daAuts
     D:3: 1065 daAuts
     D:2: 944 daAuts
     D:1: 912 daAuts
     D:4: 487 daAuts
